Map: Last Fantasy LE

Players

Moose - Winner!

  • Race: Terran Terran
  • League: Gold
  • Spawn Location: 7:00

micola

  • Race: Terran Terran
  • League: Master
  • Spawn Location: 12:00

VOD

Have the link to the VOD?

Description

Time

  • Played on: Oct. 31, 2025, 3:02 a.m.
  • Length: 7:20
Show
View Real Time Build Order
Export as new Build Order

Moose Terran - Winner!

Build Orders:  

Get SALT Encoding   

  12  0:00  SCV  
  13  0:13  SCV  
  14  0:17  Supply Depot  
  14  0:25  SCV  
  15  0:39  SCV  
  15  0:40  Barracks  
  16  0:45  Refinery  
  16  0:51  SCV  
  17  1:03  SCV  
  18  1:15  SCV  
  19  1:27  SCV  
  19  1:29  Reaper  
  21  1:38  Command Center  
  21  1:56  Refinery  
  20  2:23  Factory  
  20  2:32  Orbital Command  
  20  2:34  Supply Depot  
  21  3:05  SCV  
  21  3:09  Orbital Command  
  20  3:12  Bunker  
  20  3:16  Starport  
  20  3:17  SCV  
  20  3:19  Factory Reactor, Starport  
  21  3:35  Marine  
  22  3:53  Marine  
  22  3:55  Supply Depot  
  23  3:56  Starport Reactor  
  23  3:57  Starport Tech Lab  
  23  4:00  Starport Tech Lab  
  23  4:01  Supply Depot  
  23  4:07  Widow Mine  
  23  4:08  Widow Mine  
  27  4:11  Marine  
  28  4:28  Marine  
  28  4:29  Hellion  
  28  4:30  Hyperflight Rotors  
  31  5:09  Banshee x2  
  31  5:12  Cloaking Field  
  37  5:19  Engineering Bay  
  31  5:47  Widow Mine x2  
  35  5:52  Banshee x2  
  35  5:56  SCV x2  
  43  6:08  Hellion x2  
Show
View Real Time Build Order
Export as new Build Order

micola Terran 

Build Orders:  

Get SALT Encoding   

  12  0:01  SCV  
  13  0:14  SCV  
  14  0:20  Supply Depot  
  14  0:26  SCV  
  15  0:42  SCV  
  16  0:44  Barracks  
  16  0:50  Refinery  
  16  0:54  SCV  
  17  1:06  SCV  
  18  1:19  SCV  
  19  1:33  Marine  
  19  1:39  Supply Depot  
  20  1:44  Orbital Command  
  20  2:05  Barracks Reactor  
  20  2:12  SCV  
  20  2:20  Factory  
  20  2:24  SCV  
  21  2:35  Refinery  
  21  2:36  Command Center  
  21  2:43  Marine x2  
  22  2:48  SCV  
  23  3:01  SCV  
  24  3:21  SCV  
  24  3:26  Hellion x2  
  29  3:27  Barracks Tech Lab  
  29  3:32  Barracks  
  29  3:44  SCV  
  29  3:47  Supply Depot  
  30  3:48  Supply Depot, Stimpack  
  30  3:53  Marine  
  30  3:54  Hellion x2  
  35  3:58  SCV  
  37  4:03  Orbital Command  
  34  4:28  Marine  
  34  4:30  Hellion x2  
  38  4:31  SCV x2  
  38  4:43  Engineering Bay  
  38  4:45  Marine  
  38  4:46  Barracks Reactor  
  39  4:58  SCV x2  
  41  5:05  Hellion  
  41  5:06  Hellion  
  45  5:13  Marine  
  46  5:15  Supply Depot  
  46  5:17  SCV x2  
  43  5:41  SCV x2  
  43  5:53  Marine x2  
  43  5:55  Marine  
  50  5:57  Widow Mine x2, Command Center  
  50  5:58  Combat Shield  
  50  6:03  Engineering Bay  
  50  6:06  SCV x2  
  52  6:21  Starport x2  
  52  6:46  SCV x2  
  48  6:57  Refinery  
  48  7:01  Refinery  
  38  7:17  Missile Turret  
Tags
 
Matchup
ТvТ
Spawn Locations
Cross Positions
Add a new tag
Caveats
  • Supply blocks, unpowered buildings, or Contaminate may cause inaccurate times.
  • Supply counts are checked every 10 seconds.